 Dungeon Crawl Stone Soup version 0.31.0-11-ge490571c62 (webtiles) character file.

Game seed: 18292027574660706463

15 Ashen the Sneak (level 2, -1/20 HPs)
             Began as a Gnoll Enchanter on Feb 7, 2024.
             Succumbed to a goblin's poison
             ... on level 1 of the Dungeon.
             The game lasted 00:01:12 (513 turns).

Ashen the Sneak (Gnoll Enchanter)                    Turns: 513, Time: 00:01:14

Health: -1/20      AC:  3    Str:  7    XL:     2   Next: 50%
Magic:  1/7        EV: 13    Int: 14    God:
Gold:   0          SH:  0    Dex: 12    Spells: 8/10 levels left

rFire   . . .        a - +1 dagger
rCold   . . .        (no shield)
rNeg    . . .        b - +0 robe
rPois   .            (no helmet)
rElec   .            (no cloak)
rCorr   .            d - +0 pair of gloves
SInv    .            (no boots)
Will    .....        (no amulet)
Stlth   +++          (no ring)
HPRegen 0.23/turn    (no ring)
MPRegen 0.10/turn

%: no passive effects
@: lethally poisoned (-1 -> -18), invisible (expiring)
A: fangs 1, strong nose, distributed training
a: no special abilities


You were on level 1 of the Dungeon.
You visited 1 branch of the dungeon, and saw 1 of its levels.

Inventory:

Hand Weapons
 a - a +1 dagger (weapon)
Armour
 b - a +0 robe (worn)
 d - a +0 pair of gloves (worn)


   Skills:
 + Level 0.5 Fighting
 + Level 2.5 Short Blades
 + Level 0.5 Long Blades
 + Level 0.5 Axes
 + Level 0.5 Maces & Flails
 + Level 0.5 Polearms
 + Level 0.5 Staves
 + Level 0.5 Ranged Weapons
 + Level 0.5 Throwing
 + Level 0.5 Armour
 + Level 4.5 Dodging
 + Level 5.9 Stealth
 + Level 0.5 Shields
 + Level 0.5 Unarmed Combat
 + Level 4.9 Spellcasting
 + Level 0.3 Conjurations
 + Level 5.3 Hexes
 + Level 0.3 Summonings
 + Level 0.3 Necromancy
 + Level 0.3 Translocations
 + Level 0.3 Fire Magic
 + Level 0.3 Ice Magic
 + Level 0.3 Air Magic
 + Level 0.3 Earth Magic
 + Level 0.3 Alchemy
 + Level 0.6 Invocations
 + Level 0.5 Evocations
 + Level 0.4 Shapeshifting


You had 8 spell levels left.
You knew the following spells:

 Your Spells              Type           Power      Damage    Failure   Level
a - Ensorcelled Hibernat  Hex/Ice        22%        N/A       9%          2

Your spell library contained the following spells:

 Spells                   Type           Power      Damage    Failure   Level
 Confusing Touch          Hex            18%        N/A       6%          3
 Tukima's Dance           Hex            18%        N/A       6%          3
 Dazzling Flash           Conj/Hex       22%        N/A       16%         3


Dungeon Overview and Level Annotations

Branches:
Dungeon (1/15)

Altars:


Innate Abilities, Weirdness & Mutations

You have very sharp teeth.
Your uncanny sense of smell can sniff out nearby items.
Your experience applies equally to all skills.


Message History

You barely miss the kobold.
You feel sick.
The kobold hits you with a +0 short sword.
* * * LOW HITPOINT WARNING * * *
It was a potion of curing.
You feel better.
The kobold hits you with a +0 short sword.
You fade into invisibility!
The kobold barely misses you.
You closely miss the kobold. The kobold misses you.
You closely miss the kobold. The kobold barely misses you.
You hit the kobold but do no damage. You punch the kobold, but do no damage.
The kobold closely misses you.
You hit the kobold.
The kobold is severely wounded.
You hit the kobold.
You kill the kobold!
You hit the goblin.
The goblin is severely wounded.
The goblin hits you but does no damage.
You catch the helpless goblin completely off-guard!
You puncture the goblin!
You kill the goblin!
The goblin hits you with a +1 dagger of venom.
You are lethally poisoned!
Things that are here:
a +0 dagger; a +0 short sword; a kobold corpse You closely miss the goblin.
Your bite misses the goblin.
The goblin is moderately wounded.
* * * LOW HITPOINT WARNING * * *
You feel very sick.
The goblin hits you with a +1 dagger of venom.
* * * LOW HITPOINT WARNING * * *
You are more poisoned.
Casting: Ensorcelled Hibernation (safe; 9% risk of failure)
Confirm with . or Enter, or press ? or * to list all spells.
Aiming: Ensorcelled Hibernation (safe; 9% risk of failure)
Press: ? - help, Shift-Dir - straight line, f - goblin
Aim: a goblin, wielding a +1 dagger of venom (moderately wounded, unable to see you, chance to affect: 62%)
The goblin looks drowsy...
You flicker for a moment.
You die...

#######.# #.......#
#.......# #########
#.......# ##[......#
#.......# .........#
#######.# ....>....# #.#
.........###############.##
.........g@................
.........####..........####
##.......# #.......(..# #
#.......# #..........# #
#...###### #.........)# #
#... #..........# # ...
#..........# # ..
#..........####
#..............


You could see a goblin (asleep, unable to see you).

Vanquished Creatures
  2 endoplasms (D:1)
  2 goblins (D:1)
  A hobgoblin (D:1)
  4 jackals (D:1)
  A kobold (D:1)
  A bat (D:1)
  A rat (D:1)
12 creatures vanquished.

Notes
Turn   | Place    | Note
-------+----------+-------------------------------------------
     0 | D:1      | Ashen the Gnoll Enchanter began the quest for the Orb.
     0 | D:1      | Reached XP level 1. HP: 13/13 MP: 6/6
    37 | D:1      | Reached XP level 2. HP: 3/19 MP: 7/7
    40 | D:1      | Learned a level 2 spell: Ensorcelled Hibernation
   513 | D:1      | Succumbed to a goblin's poison

Illustrated notes

Levels and vault maps discovered:
D:1:      wander_arrival_fairy_ring, layout_basic

Action                     || total
---------------------------++-------
  Melee: Dagger            ||    45
         Bite              ||     4
         Punch             ||     1
   Cast: Ensorcelled Hiber ||     7
    Use: Potion            ||     3
   Stab: Invisible         ||     4
         Sleeping          ||     5
 Armour: Robe              ||    35
  Dodge: Dodged            ||    62
